 Dungeon Crawl Stone Soup version 0.28.0-45-g0d030f2227 (webtiles) character file.

Game seed: 4664029632585698684

158 Fartwhistle the Ruffian (level 5, 0/49 HPs)
             Began as a Naga Transmuter on Apr 15, 2022.
             Slain by an orc
             ... wielding a +0 flail
              (9 damage)
             ... on level 3 of the Dungeon.
             The game lasted 00:05:52 (3295 turns).

Fartwhistle the Ruffian (Naga Transmuter)           Turns: 3295, Time: 00:05:53

Health: 0/49       AC:  3    Str: 13    XL:     5   Next: 40%
Magic:  8/8        EV:  9    Int: 15    God:
Gold:   71         SH:  0    Dex: 11    Spells: 7/8 levels left

rFire   + . .      SeeInvis +     - Unarmed
rCold   + . .      Faith    .   (no shield)
rNeg    . . .      Spirit   .   a - +0 robe
rPois   +          Reflect  .   b - +0 helmet
rElec   +          Harm     .   (no cloak)
rCorr   +          Rampage  .   (no gloves)
Will    .....                   (no barding)
Stlth   +.........              (no amulet)
HPRegen 0.16/turn               (no ring)
MPRegen 0.11/turn               (no ring)

@: short of breath, resistant, very slow
A: AC +1, large, see invisible, deformed body, poison resistance, slowness 2,
spit poison 1, naga tail 1
a: Spit Poison


You were on level 3 of the Dungeon.
You visited 1 branch of the dungeon, and saw 3 of its levels.

You collected 71 gold pieces.

Inventory:

Missiles
 i - a throwing net
Armour
 a - a +0 robe (worn)
 b - a +0 helmet (worn)
Jewellery
 d - a ring of fire
 e - a +4 ring of evasion
 h - a ring of fire
Scrolls
 c - a scroll of immolation {unknown}
 f - a scroll of identify {unknown}


   Skills:
 + Level 3.0 Fighting
 - Level 1.5 Dodging
 - Level 4.1 Unarmed Combat
 * Level 2.3 Spellcasting
 * Level 3.1 Transmutations


You had 7 spell levels left.
You knew the following spells:

 Your Spells              Type           Power      Damage    Failure   Level
a - Beastly Appendage     Tmut           22%        N/A       6%          1

Your spell library contained the following spells:

 Spells                   Type           Power      Damage    Failure   Level
 Wereblood                Tmut           11%        N/A       9%          2
 Animate Skeleton         Necr           2%         N/A       22%         1
 Pain                     Necr           4%         1d4       22%         1
 Spider Form              Tmut/Pois      6%         N/A       34%         3
 Vampiric Draining        Necr           1%         2d6       54%         3
 Ice Form                 Ice/Tmut       6%         N/A       75%         4


Dungeon Overview and Level Annotations

Branches:
Dungeon (3/15)

Altars:


Innate Abilities, Weirdness & Mutations

Your serpentine skin is tough. (AC +1)
You have supernaturally acute eyesight. (SInv)
Armour fits poorly on your strangely shaped body.
Your system is resistant to poisons. (rPois)
You cover ground very slowly.
You can spit poison.
You have a snake-like lower body.


Message History

You hit the orc but do no damage. You punch the orc.
The orc is heavily wounded.
The orc hits you with a +0 flail! The orc hits you with a +0 mace.
* * * LOW HITPOINT WARNING * * *
You are too injured to fight recklessly!
There are monsters nearby!
You see here a +0 club.
The orc closely misses you.
Your horns disappear.
Your +0 helmet unmelds from your body.
It was a potion of resistance.
You feel protected. The orc closely misses you.
The orc hits you but does no damage.
Aiming: Spit Poison (1% risk of failure)
Press: ? - help, Shift-Dir - straight line, f - orc
Aim: an orc, wielding a +0 flail and wearing a +0 leather armour (heavily wounded, 59% to hit)
The splash of poison hits the orc but does no damage.
The orc is poisoned.
The orc is heavily wounded.
The orc barely misses you. The orc barely misses you.
You have got your breath back.
The orc looks more healthy.
Aiming: Spit Poison (1% risk of failure)
Press: ? - help, Shift-Dir - straight line, f/p - orc
Aim: an orc, wielding a +0 flail and wearing a +0 leather armour (heavily wounded, 59% to hit)
The splash of poison misses the orc.
The orc hits you with a +0 flail.
* * * LOW HITPOINT WARNING * * *
The orc misses you.
You are too injured to fight recklessly!
You are too injured to fight recklessly!
You hit the orc.
The orc is almost dead.
The orc hits you with a +0 flail.
* * * LOW HITPOINT WARNING * * *
You hit the orc but do no damage.
The orc is almost dead.
The orc hits you with a +0 flail!
You die...

#...# #....###
#...#######
####...# #
##........#
###.####
#...####.#
#.....
#####...####.##
######
......#..o..o.#
######.)####..#
#..####o#.#
##.[.@oJ## .#
#>)###.## .#
#.## ##.# # #.
#.# .. #.# ...
## .... ##
#.... #. ....(


You could see 2 orcs and an endoplasm.

Vanquished Creatures
  A bullfrog zombie (D:3)
  2 gnolls (D:1)
  4 adders
  An ufetubus (D:2)
  3 dart slugs
  An orc (D:3)
  3 bats
  4 endoplasms
  4 giant cockroaches
  6 goblins
  8 hobgoblins
  6 kobolds
  2 quokkas
  3 ball pythons
  3 frilled lizards
  7 rats
58 creatures vanquished.

Notes
Turn   | Place    | Note
-------+----------+-------------------------------------------
     0 | D:1      | Fartwhistle the Naga Transmuter began the quest for the
                  | Orb.
     0 | D:1      | Reached XP level 1. HP: 18/18 MP: 3/3
   171 | D:1      | Reached XP level 2. HP: 25/25 MP: 3/5
   719 | D:1      | Reached XP level 3. HP: 32/32 MP: 4/6
  1691 | D:1      | Found a faded altar of an unknown god.
  2088 | D:2      | Reached XP level 4. HP: 39/39 MP: 5/7
  2573 | D:2      | Reached skill level 4 in Unarmed Combat
  3005 | D:3      | Reached XP level 5. HP: 48/48 MP: 8/8
  3295 | D:3      | Slain by an orc

Illustrated notes

Levels and vault maps discovered:
D:1:      mrwooster_arrival_statue, layout_basic,
          dreamdust_ecumenical_altar_hidden_monk_grotto, nicolae_grassy_gnolls
D:2:      minmay_chambers_of_twos, layout_basic, hangedman_decor_clover_reticule
D:3:      layout_loops_cross

Skill      XL: |  1  2  3  4  5 |
---------------+----------------+-----
Fighting       | 2 3 |  3.0
Unarmed Combat | 4 |  4.1
Transmutations | 3 |  3.1
Dodging        | |  1.5
Spellcasting   | |  2.3

Action                   |  1- 3 |  4- 6 || total
-------------------------+-------+-------++-------
Melee: Unarmed           |    91 |    84 ||   175
       Headbutt          |     8 |    10 ||    18
       Punch             |       |     3 ||     3
 Cast: Beastly Appendage |    16 |     9 ||    25
 Abil: Spit Poison       |    12 |    17 ||    29
  Use: Potion            |       |     1 ||     1
Armor: Robe              |    29 |    22 ||    51
Dodge: Dodged            |    48 |    33 ||    81
